 Dungeon Crawl Stone Soup version 0.21.1-1-g345015f (webtiles) character file.

11 tidbits the Grave Robber (level 2, -2/20 HPs)
             Began as a Gnoll Necromancer on June 19, 2018.
             Splashed by a jelly's acid (10 damage)
             ... on level 4 of the Dungeon.
             The game lasted 00:01:18 (138 turns).

tidbits the Grave Robber (Gnoll Necromancer)         Turns: 138, Time: 00:01:19

Health: -2/20      AC:  2    Str: 10    XL:     2   Next: 25%
Magic:  6/7        EV: 14    Int: 17    God:
Gold:   34         SH:  0    Dex: 15    Spells: 8/10 levels left

rFire    . . .     SeeInvis .   a - +0 club
rCold    . . .     Gourm    .   (no shield)
rNeg     . . .     Faith    .   f - +0 robe
rPois    .         Spirit   .   (no helmet)
rElec    .         Reflect  .   (no cloak)
rCorr    .         Harm     .   (no gloves)
MR       .....                  (no boots)
Stlth    +++.......             (no amulet)
HPRegen  0.06/turn              (no ring)
MPRegen  0.10/turn              (no ring)

@: no status effects
A: distributed training, fangs 1, strong nose
a: no special abilities


You were on level 4 of the Dungeon.
You were not hungry.

You visited 1 branch of the dungeon, and saw 4 of its levels.

You collected 34 gold pieces.

Inventory:

Hand Weapons
 a - a +0 club (weapon)
Armour
 f - a +0 robe (worn)
Scrolls
 e - a scroll of magic mapping {unknown}
 i - a scroll of identify {unknown}
Potions
 d - 2 potions of might {unknown}
 g - a potion of curing {unknown}
 h - a potion of flight {unknown}
Books
 b - a book of Necromancy

   Spells                             Type                      Level
   a - Pain                           Necromancy                   1
   b - Animate Skeleton               Necromancy                   1
   c - Vampiric Draining              Necromancy                   3
   d - Regeneration                   Charms/Necromancy            3
   e - Animate Dead                   Necromancy                   4
   f - Borgnjor's Vile Clutch         Necromancy/Earth             5
Comestibles
 c - a ration


   Skills:
 + Level 0.3 Fighting
 + Level 0.3 Short Blades
 + Level 0.3 Long Blades
 + Level 0.3 Axes
 + Level 0.3 Maces & Flails
 + Level 0.3 Polearms
 + Level 0.3 Staves
 + Level 0.3 Slings
 + Level 0.3 Bows
 + Level 0.3 Crossbows
 + Level 0.3 Throwing
 + Level 0.3 Armour
 + Level 4.4 Dodging
 + Level 4.0 Stealth
 + Level 0.3 Shields
 + Level 0.3 Unarmed Combat
 + Level 4.9 Spellcasting
 + Level 0.2 Conjurations
 + Level 0.2 Hexes
 + Level 0.2 Charms
 + Level 0.2 Summonings
 + Level 7.0 Necromancy
 + Level 0.2 Translocations
 + Level 0.2 Transmutations
 + Level 0.2 Fire Magic
 + Level 0.2 Ice Magic
 + Level 0.2 Air Magic
 + Level 0.2 Earth Magic
 + Level 0.2 Poison Magic
 + Level 0.4 Invocations
 + Level 0.3 Evocations


You had 8 spell levels left.
You knew the following spells:

 Your Spells              Type           Power        Failure   Level  Hunger
a - Pain                  Necr           ####         1%          1    None
n - Animate Skeleton      Necr           N/A          1%          1    None


Dungeon Overview and Level Annotations

Branches:
Dungeon (4/15)
 Temple: D:4-7

Altars:


Innate Abilities, Weirdness & Mutations

Your experience applies equally to all skills.
You have very sharp teeth.
Your uncanny sense of smell can sniff out nearby items.


Message History

Adjust which item? (? for menu, Esc to quit)
f - a +0 club (weapon)
Adjust to which letter? (? for menu, Esc to quit)
a - a +0 club (weapon);
f - a +0 robe (worn)
Found a stone staircase leading down.
Found a sedimented green potion.
You see here 12 gold pieces.
Unknown command.
You now have 12 gold pieces.
You see here a sedimented green potion.
d - 2 sedimented green potions (gained 1)
Found a fizzy yellow potion.
A bat comes into view.
You see here a fizzy yellow potion.
g - a fizzy yellow potion
There is a stone staircase leading down here.
You climb downwards.
An adder and a hobgoblin come into view.
Found a stone staircase leading down.
There is a stone staircase leading up here.
Unknown command.
The helpless adder fails to defend itself.
You hit the adder but do no damage. The adder closely misses you. x2
Casting: Pain
Confirm with . or Enter, or press ? or * to list all spells.
Aiming: Pain
Press: ? - help, Shift-Dir - straight line, f - adder
Aim: an adder (chance to defeat MR: 89%)
The adder writhes in agony!
The adder misses you.
Casting: Pain
Confirm with . or Enter, or press ? or * to list all spells.
Aiming: Pain
Press: ? - help, Shift-Dir - straight line, f/p - adder
Aim: an adder (severely wounded, chance to defeat MR: 89%)
The adder writhes in agony!
The adder closely misses you. The adder barely misses you.
Casting: Pain
Confirm with . or Enter, or press ? or * to list all spells.
Aiming: Pain
Press: ? - help, Shift-Dir - straight line, f/p - adder
Aim: an adder (severely wounded, chance to defeat MR: 89%)
The adder writhes in agony!
You kill the adder!
You have reached level 2!
Memorise Animate Skeleton, consuming 1 spell level and leaving 8?
You start memorising the spell.
You continue memorising.
You finish memorising.
Spell assigned to 'n'.
An adder comes into view.
Found a dagger.
Found an escape hatch in the ceiling.
The adder hisses angrily.
An ooze comes into view.
The hobgoblin shouts!
There is a stone staircase leading down here.
You climb downwards.
Found 14 stones.
There is a stone staircase leading up here.
Unknown command.
Found a fizzy golden potion.
You see here a fizzy golden potion.
h - a fizzy golden potion
Found a stone staircase leading down.
You open the door.
Found a scroll labeled QAOXOL AKHLOS.
Found 12 gold pieces.
There is an open door here.
Unknown command.
You see here a scroll labeled QAOXOL AKHLOS.
i - a scroll labeled QAOXOL AKHLOS You open the door.
There is an open door here.
You see here 12 gold pieces.
You now have 24 gold pieces (gained 12).
As you open the door, it creaks loudly!
There is an open door here.
There is a fountain of clear blue water here.
You open the door.
Found 10 gold pieces.
There is an open door here.
You see here 10 gold pieces.
You now have 34 gold pieces (gained 10).
There is a stone staircase leading down here.
You climb downwards.
A jelly comes into view.
Found a scroll labeled QAOXOL AKHLOS.
There is a stone staircase leading up here.
The helpless jelly fails to defend itself.
You hit the jelly.
Your hands burn!
* * * LOW HITPOINT WARNING * * *
The jelly is lightly wounded.
The jelly misses you.
Casting: Pain
Confirm with . or Enter, or press ? or * to list all spells.
Aiming: Pain
Press: ? - help, Shift-Dir - straight line, f - jelly
Aim: a jelly (lightly wounded, chance to defeat MR: 89%)
The jelly writhes in agony!
The jelly hits you.
* * * LOW HITPOINT WARNING * * *
You are splashed with acid!
The acid burns!
Ouch! That really hurt!
You die...

# ∆ #.###
#.J@#
####.......
....?..
.......
.......
.......
#.##... ..
...


You could see a jelly.

Vanquished Creatures
  An adder (D:2)
  A giant cockroach (D:1)
  A kobold (D:1)
3 creatures vanquished.

Notes
Turn   | Place    | Note
-------+----------+-------------------------------------------
     0 | D:1      | tidbits the Gnoll Necromancer began the quest for the Orb.
     0 | D:1      | Reached XP level 1. HP: 13/13 MP: 6/6
    74 | D:2      | Reached XP level 2. HP: 12/20 MP: 2/7
    77 | D:2      | Learned a level 1 spell: Animate Skeleton
   138 | D:4      | Splashed by a jelly's acid

Action                   || total
-------------------------++-------
Melee: Club              ||     2
 Cast: Pain              ||    10
 Stab: Sleeping          ||     2
Dodge: Dodged            ||     6

Table legend:
 A = Turns spent in this place as a percentage of turns spent in the entire game.
 B = Non-inter-level travel turns spent in this place as a percentage of non-inter-level travel turns spent in the entire game.
 C = Inter-level travel turns spent in this place as a percentage of turns spent in this place.
 D = Turns resting spent in this place as a percentage of non-inter-level travel turns spent in this place.
 E = Turns spent auto-exploring this place as a percentage of non-inter-level travel turns spent in this place.
 F = Non-inter-level travel turns spent in this place divided by the number of levels of this place that you've seen.
                   A       B       C       D       E      F
               +-------+-------+-------+-------+-------+----------------------
         Total | 100.0 | 100.0 |   0.0 |   0.0 |   0.0 |  34.5
       Dungeon | 100.0 | 100.0 |   0.0 |   0.0 |   0.0 |  34.5
               +-------+-------+-------+-------+-------+----------------------

Table legend:
 A = Kills in this place as a percentage of kills in entire the game.
 B = Kills by you in this place as a percentage of kills by you in the entire game.
 C = Kills by friends in this place as a percentage of kills by friends in the entire game.
 D = Other kills in this place as a percentage of other kills in the entire game.
 E = Experience gained in this place as a percentage of experience gained in the entire game.
 F = Experience gained in this place divided by the number of levels of this place that you have seen.
                   A       B       C       D       E      F
               +-------+-------+-------+-------+-------+----------------------
         Total | 100.0 | 100.0 |   N/A |   N/A | 100.0 |   4.0
       Dungeon | 100.0 | 100.0 |   N/A |   N/A | 100.0 |   4.0
               +-------+-------+-------+-------+-------+----------------------

Vault maps used:
D:1:      lightli_arrival_maybe_door_vault, kennysheep_small_spiral,
          hangedman_abyss_or_decor_lesser_grid
D:2:      first_ration, st_stairs_7
D:3:      chequers_ecumenical_altar_lobes, minmay_fountain_box,
          makhleb_heckhound_becter
D:4:      kennysheep_boxes
